 Dungeon Crawl Stone Soup version 0.20-a0-1117-g62da73f (webtiles) character file.

1312 mopl the Fighter (level 8, -1/102 HPs)
             Began as a Gnoll Berserker on May 9, 2017.
             Was an Elder of Trog.
             Slain by an orc warrior
             ... wielding a +0 trident
              (11 damage)
             ... on level 6 of the Dungeon.
             The game lasted 00:07:40 (5014 turns).

mopl the Fighter (Gnoll Berserker)                  Turns: 5014, Time: 00:07:40

Health: -1/102     AC: 13    Str: 22    XL:     8   Next: 58%
Magic:  8/8        EV:  8    Int:  7    God:    Trog [****..]
Gold:   208        SH:  3    Dex: 15    Spells: 7/7 levels left

rFire    . . .     SeeInvis .   x - -1 mace (curse)
rCold    . . .     Gourm    .   (no shield)
rNeg     + . .     Faith    .   v - +0 plate armour
rPois    .         Spirit   .   (no helmet)
rElec    .         Reflect  +   (no cloak)
rCorr    .         Harm     .   (no gloves)
MR       .....                  (no boots)
Stlth    ..........             l - +3 amulet of reflection
Regen    0.3/turn               w - ring of positive energy
MPRegen  0.2/turn               (no ring)

@: berserking (expiring), very quick
A: short attention span, fangs 1, strong nose
a: Berserk, Trog's Hand, Brothers in Arms, Burn Spellbooks, Renounce Religion


You were on level 6 of the Dungeon.
You worshipped Trog.
Trog was greatly pleased with you.
You were hungry.

You visited 1 branch of the dungeon, and saw 6 of its levels.

You collected 292 gold pieces.
You spent 84 gold pieces at shops.

Inventory:

Hand Weapons
 a - a +0 flail
 b - a +0 hunting sling
 x - a cursed -1 mace (weapon)
 D - a +0 blowgun
Missiles
 g - 186 stones (quivered)
 h - 53 sling bullets
 k - 5 tomahawks
Armour
 v - a +0 plate armour (worn)
Magical Staves
 I - an uncursed staff of earth {unknown}
Jewellery
 l - a +3 amulet of reflection (around neck)
 w - a ring of positive energy (left hand)
Wands
 m - a wand of digging (13/24)
 J - a wand of flame (15/48)
Scrolls
 n - 2 scrolls of magic mapping {unknown}
 p - 2 scrolls of amnesia {unknown}
 r - a scroll of enchant weapon {unknown}
 s - 2 scrolls of teleportation {unknown}
 t - 2 scrolls of remove curse {unknown}
 u - 3 scrolls of identify {unknown}
 y - 3 scrolls of fear
 G - a scroll of immolation {unknown}
 H - a scroll of blinking {unknown}
Potions
 e - a potion of invisibility {unknown}
 f - a potion of magic {unknown}
 i - 2 potions of lignification {!q}
 j - 4 potions of heal wounds {unknown}
 o - a potion of curing {unknown}
 q - 2 potions of flight {unknown}
 z - 2 potions of ambrosia {unknown}
 A - 3 potions of might {unknown}
 B - a potion of degeneration {unknown}
 C - a potion of haste {unknown}
 E - 2 potions of mutation {unknown}
Comestibles
 c - 5 bread rations
 d - 6 meat rations
 F - 5 chunks of flesh


   Skills:
 + Level 8.3 Fighting
 - Level 4.8 Maces & Flails
 + Level 4.8(7.0) Slings
 + Level 7.6(8.0) Throwing
 + Level 8.0 Armour
 - Level 3.2 Dodging
 + Level 0.0 Evocations


You had 7 spell levels left.
You didn't know any spells.

Dungeon Overview and Level Annotations

Branches:
Dungeon (6/15)
 Temple: D:4-7

Altars:
Gozag
Kikubaaqudgha
Nemelex Xobeh
Qazlal
Ru
Trog
The Shining One

Shops:
D:4 }*


Innate Abilities, Weirdness & Mutations

You have a short attention span.
You have very sharp teeth.
Your uncanny sense of smell can sniff out nearby items.


Message History

You sock the orc warrior!
The orc warrior is heavily wounded.
The orc wizard hits you but does no damage.
You block the orc warrior's attack.
Unknown command.
You hit the orc warrior.
The orc warrior is severely wounded.
Unknown command.
You hit the orc warrior.
The orc warrior is almost dead.
The orc wizard hits you but does no damage.
The orc warrior hits you with a trident.
* * * LOW HITPOINT WARNING * * *
Unknown command.
The orc warrior blocks your attack.
The orc warrior is almost dead.
The orc wizard gestures wildly while chanting.
The orc wizard seems to speed up.
The orc warrior hits you with a trident!
You die...

.......#
#..# #.#
#.###
......##
#..# #.#
#...#
......#
####..####
#.######.#
......#
#........#
#........#
......##
#.....)..#
##########
.......#
#........#
.......#
#........#
.......#
#####.o###
...)...#
#..)@..#
####.#.#
#...o..#
.....#.#
#......#
####...#
###'#'##
...#.###
.% .#
.....# ...
.. ##.###
... ..
...# ....
... #..#


You could see an orc warrior and an orc wizard.

Vanquished Creatures
  A sky beast (D:6)
  An ice beast (D:6)
  3 ogres
  2 bullfrogs
  2 howler monkeys
  7 orc priests
  Ijyb (D:3)
  3 orc wizards
  3 worker ants
  Terence (D:3)
  A killer bee zombie (D:6)
  A hound zombie (D:5)
  3 gnolls (D:2)
  8 adders
  An ooze (D:1)
  An adder zombie (D:5)
  2 worms (D:3)
  2 dart slugs
  2 leopard geckos
  24 orcs
  7 giant cockroaches
  3 goblins
  7 hobgoblins
  10 jackals
  A quokka (D:6)
  3 ball pythons
  3 bats
  4 frilled lizards
  10 kobolds
  10 rats
  A plant (D:3)
128 creatures vanquished.

Notes
Turn   | Place    | Note
-------+----------+-------------------------------------------
     0 | D:1      | mopl the Gnoll Berserker began the quest for the Orb.
     0 | D:1      | Reached XP level 1. HP: 20/20 MP: 1/1
    49 | D:1      | Reached skill level 1 in Throwing
   312 | D:1      | Reached skill level 5 in Fighting
   318 | D:1      | Reached XP level 2. HP: 20/27 MP: 2/2
   369 | D:1      | Reached skill level 2 in Throwing
   739 | D:1      | Reached skill level 4 in Armour
   918 | D:1      | Reached XP level 3. HP: 30/33 MP: 3/3
  1025 | D:2      | Reached skill level 3 in Throwing
  1031 | D:2      | Reached skill level 6 in Fighting
  1031 | D:2      | Reached XP level 4. HP: 40/40 MP: 4/4
  1144 | D:2      | Found a bloodstained altar of Trog.
  1157 | D:2      | Reached ** piety under Trog
  1317 | D:2      | Found a faded altar of an unknown god.
  1752 | D:3      | Reached skill level 4 in Throwing
  1752 | D:3      | Reached skill level 5 in Armour
  1752 | D:3      | Reached XP level 5. HP: 47/47 MP: 5/5
  1838 | D:3      | Noticed Terence
  1848 | D:3      | Killed Terence
  1874 | D:3      | Noticed Ijyb
  1886 | D:3      | Killed Ijyb
  1935 | D:3      | Found a sacrificial altar of Ru.
  2248 | D:3      | Reached skill level 7 in Fighting
  2248 | D:3      | Reached skill level 5 in Throwing
  2248 | D:3      | Reached skill level 6 in Armour
  2248 | D:3      | Reached XP level 6. HP: 35/55 MP: 6/6
  2421 | D:3      | Found a stormy altar of Qazlal.
  2458 | D:3      | Reached *** piety under Trog
  2676 | D:4      | Found a glowing golden altar of the Shining One.
  2724 | D:4      | Found Tuproum's Gadget Boutique.
  2750 | D:4      | Reached skill level 6 in Throwing
  2885 | D:4      | Found Jezxowk's General Store.
  2888 | D:4      | Bought a scroll of fear for 45 gold pieces
  2888 | D:4      | Bought a potion of lignification for 39 gold pieces
  2916 | D:4      | Found a sparkling altar of Nemelex Xobeh.
  2962 | D:4      | Reached XP level 7. HP: 48/60 MP: 7/7
  3298 | D:5      | Entered Level 5 of the Dungeon
  3510 | D:5      | Reached skill level 7 in Armour
  3699 | D:5      | Reached skill level 1 in Slings
  3833 | D:5      | Found an opulent altar of Gozag.
  4000 | D:5      | Reached skill level 2 in Slings
  4000 | D:5      | Reached skill level 7 in Throwing
  4555 | D:6      | Reached skill level 3 in Slings
  4555 | D:6      | Reached XP level 8. HP: 68/68 MP: 8/8
  4589 | D:6      | Reached skill level 8 in Fighting
  4593 | D:6      | Reached **** piety under Trog
  4619 | D:6      | Reached skill level 4 in Slings
  4711 | D:6      | Found an ancient bone altar of Kikubaaqudgha.
  4830 | D:6      | Received a gift from Trog
  4867 | D:6      | Found a glowing golden altar of the Shining One.
  4905 | D:6      | Reached skill level 8 in Armour
  5014 | D:6      | Slain by an orc warrior

Vault maps used:
D:1:      onia_arrival_larder, dk_noncrumbling_3, minmay_door_square
D:2:      bloody_trog, chequers_ecumenical_altar_simple_redux, first_bread
D:3:      lemuel_crystal_altar, nicolae_ru_awakened_eye, saegor_snake_ambush,
          uniq_terence, uniq_ijyb
D:4:      nicolae_tso_carved_into_rock, serial_shops, kennysheep_mini,
          shop_statue, nemelex_xobeh_ov_fountains_minmay
D:5:      grunt_gozag_statues
D:6:      nicolae_overflow_crystal_walls, minmay_temple_entry_poolview,
          basic_altar, serial_shops, shop

Skill      XL: |  1  2  3  4  5  6  7  8 |
---------------+-------------------------+-----
Throwing       | 1 2 3 4 5 6 7 |  7.6
Fighting       | 5 6 7 8 |  8.3
Armour         | 4 5 6 7 8 |  8.0
Slings         | 3 4 |  4.8
Maces & Flails | |  4.8
Dodging        | |  3.2

Action                   |  1- 3 |  4- 6 |  7- 9 || total
-------------------------+-------+-------+-------++-------
Melee: Mace              |    66 |   190 |   192 ||   448
       Bite              |     6 |    25 |    34 ||    65
       Flail             |       |    17 |    53 ||    70
Invok: Berserk           |     1 |     3 |     6 ||    10
 Stab: Sleeping          |     3 |       |       ||     3
  Eat: Chunk             |       |    11 |    12 ||    23
Armor: Animal skin       |    11 |     1 |       ||    12
       Chain mail        |       |    40 |       ||    40
       Plate armour      |       |    45 |   220 ||   265
Dodge: Dodged            |    26 |    75 |   116 ||   217
Block: Other             |       |    24 |    35 ||    59
       Reflection        |       |     2 |       ||     2
